 Dungeon Crawl Stone Soup version 0.21.1-1-g345015f (webtiles) character file.

99 rlgrobin the Chopper (level 4, -5/41 HPs)
             Began as a Hill Orc Monk on Feb 15, 2018.
             Splashed by Ijyb's acid (18 damage)
             ... on level 3 of the Dungeon on Mar 22, 2018.
             The game lasted 00:14:04 (2840 turns).

rlgrobin the Chopper (Hill Orc Monk)                Turns: 2840, Time: 00:14:04

Health: -5/41      AC:  1    Str: 13    XL:     4   Next: 72%
Magic:  4/4        EV: 12    Int: 10    God:
Gold:   56         SH:  3    Dex: 14    Spells: 3/3 levels left

rFire    . . .     SeeInvis .   a - +0 hand axe
rCold    . . .     Gourm    .   (no shield)
rNeg     . . .     Faith    .   i - +0 leather armour
rPois    .         Spirit   .   q - +0 helmet
rElec    .         Reflect  +   p - +0 cloak
rCorr    .         Harm     .   (no gloves)
MR       .....                  (no boots)
Stlth    ++........             r - +3 amulet of reflection
HPRegen  0.13/turn              (no ring)
MPRegen  0.09/turn              (no ring)

@: corroded
A: no striking features
a: no special abilities


You were on level 3 of the Dungeon.
You were not hungry.

You visited 1 branch of the dungeon, and saw 3 of its levels.

You collected 56 gold pieces.


   Skills:
 + Level 4.9 Fighting
 - Level 5.0 Axes
 - Level 1.0 Armour
 - Level 2.7 Dodging
 - Level 2.0 Stealth


You had 3 spell levels left.
You didn't know any spells.

Inventory:

Hand Weapons
 a - a +0 hand axe (weapon)
 u - a +0 hunting sling
 w - a +0 blowgun
Missiles
 j - 104 stones (quivered)
 k - 17 poisoned needles
 l - 3 needles of confusion
Armour
 i - a +0 leather armour (worn)
 p - a +0 cloak (worn)
 q - a +0 helmet (worn)
Jewellery
 b - an uncursed amulet of the gourmand {unknown}
 r - a +3 amulet of reflection (around neck)
 t - an uncursed ring of ice
Scrolls
 e - 2 scrolls of remove curse {unknown}
 f - 4 scrolls of teleportation {@r4}
 h - a scroll of fog {unknown}
 o - a scroll of enchant armour {unknown}
 v - a scroll of noise {unknown}
Potions
 g - a potion of curing {unknown}
 m - a potion of lignification {!q}
 n - a potion of resistance {unknown}
 s - 3 potions of ambrosia {unknown}
 x - a potion of brilliance {unknown}
Comestibles
 c - 7 rations
 d - 7 chunks of flesh

Dungeon Overview and Level Annotations

Branches:
Dungeon (3/15)

Altars:

Annotations:
D:3 exclusion: gnoll, Ijyb

...▒. ▒.▒.▒ ▒▒▒▒▒▒▒▒▒▒▒▒▒▒▒
▒.▒.▒ ▒.............▒ ▒.▒.▒
▒.............▒ ▒.▒.▒
▒.............▒ ▒.▒.▒
▒......8....!.▒ ▒ ▒.▒.▒
▒...o▒▒g▒▒)...▒ ▒▒▒▒▒.▒.▒▒
▒...g▒...▒.!.(▒ .........▒
▒...8((8..8...▒
.........▒▒▒▒....▒...▒...(▒
▒▒▒▒▒▒......▒....▒▒.▒▒....▒
▒ ▒▒▒▒▒▒.▒....(.8......▒ ▒
▒.▒.....(.......▒ ▒
▒.▒.............▒ ▒
▒.▒.......†.....▒


You could see Ijyb.


Message History

Ijyb is heavily wounded!
Ijyb screams, "No!!!
No, no, no, no!!!"
Ijyb barely misses you!
You cut Ijyb but do no damage!
Ijyb is heavily wounded!
Ijyb barely misses you!
You carve Ijyb but do no damage!
Ijyb is heavily wounded!
Ijyb closely misses you!
You closely miss Ijyb!
Ijyb is heavily wounded!
Ijyb misses you!
You barely miss Ijyb!
Ijyb is heavily wounded!
Ijyb barely misses you!
You open Ijyb but do no damage!
Ijyb is heavily wounded!
Ijyb closely misses you!
You carve Ijyb but do no damage!
Ijyb is heavily wounded!
Ijyb barely misses you!
You chop Ijyb but do no damage!
Ijyb is heavily wounded!
Ijyb misses you!
You chop Ijyb but do no damage!
Ijyb is heavily wounded!
Ijyb zaps a wand!
The bolt of acid hits you!!! * * * don't die
* * * The acid corrodes you!!!
You are splashed with acid!!!
The acid burns!!! rip

Action                   |  1- 3 |  4- 6 || total
-------------------------+-------+-------++-------
Melee: Hand axe          |   165 |    72 ||   237
 Fire: Hunting sling     |     1 |     8 ||     9
       Blowgun           |       |     5 ||     5
  Use: Scroll            |       |     3 ||     3
 Stab: Sleeping          |     7 |       ||     7
  Eat: Chunk             |     4 |     2 ||     6
Armor: Robe              |    21 |       ||    21
       Leather armour    |    20 |    18 ||    38
Dodge: Dodged            |   113 |    39 ||   152
Block: Other             |       |     1 ||     1
       Reflection        |       |     1 ||     1

Vault maps used:
D:1:      eino_arrival_cavern_b, amethyst_killhole, minivault_4
D:2:      minmay_misc_feat_plants, minmay_misc_feat_alley
D:3:      lemuel_blue_sif_altar, kennysheep_generic_room_2, uniq_ijyb

Notes
Turn   | Place    | Note
-------+----------+-------------------------------------------
     0 | D:1      | rlgrobin the Hill Orc Monk began the quest for the Orb.
     0 | D:1      | Reached XP level 1. HP: 19/19 MP: 1/1
    64 | D:1      | Reached XP level 2. HP: 8/27 MP: 2/2
   807 | D:1      | Reached skill level 1 in Armour
  1026 | D:1      | Reached skill level 4 in Fighting
  1127 | D:1      | Reached XP level 3. HP: 27/33 MP: 3/3
  1652 | D:2      | Reached skill level 5 in Axes
  2048 | D:2      | Reached XP level 4. HP: 36/40 MP: 4/4
  2049 | D:2      | Reached skill level 2 in Stealth
  2753 | D:3      | Noticed Ijyb
  2840 | D:3      | Splashed by Ijyb's acid

Vanquished Creatures
  2 adders
  An ooze (D:2)
  3 worms
  4 dart slugs
  2 leopard geckos (D:1)
  4 giant cockroaches
  10 goblins
  6 hobgoblins
  A jackal (D:2)
  A quokka (D:2)
  A ball python (D:3)
  7 bats
  4 frilled lizards
  4 kobolds
  7 rats
57 creatures vanquished.
